AoeStats
← 神速デュバリィ

Oasis

509549099Analyzed
2v2 RM · 4d ago on Sep 27, 2026· 57m 6s· 4 players
Game mode
Random Map
Map size
Medium (4 player)
Population
200
Speed
Normal
Resources
Standard
Victory
Conquest
Starting age
Dark Age
Ending age
Imperial Age
RankedLock teamsTeams togetherTeam positionsShared explorationLock speedFull tech treeHidden civsTurbo modeCheats
Victory
Defeat
🇨🇳 Romans · China
1318
+17
1288
+18
1337
-18
🇨🇦 Georgians · Canada
1327
-17
LEVI
8:04 Loom
10:03 Feudal Age
10:51 Double-Bit Axe
11:08 Man-at-Arms
12:57 Scale Mail Armor
15:15 Horse Collar
17:16 Fletching
23:52 Castle Age
24:05 Forging
24:21 Gold Mining
25:19 Chain Mail Armor
25:09 Squires
27:49 Iron Casting
27:15 Heavy Plow
27:04 Long Swordsman
30:41 Bow Saw
34:44 Pikeman
39:17 Gold Shaft Mining
38:54 Stone Mining
40:50 Wheelbarrow
44:19 Imperial Age
43:27 Ballistics
45:06 Heavy Scorpion
45:10 Halberdier
47:01 Blast Furnace
46:27 Hand Cart
47:23 Chemistry
46:29 Siege Engineers
47:17 Conscription
47:40 Bodkin Arrow
54:32 Ballistas
神速デュバリィ
4:09 Loom
11:24 Feudal Age
10:04 Double-Bit Axe
17:00 Castle Age
16:48 Bow Saw
17:16 Horse Collar
20:38 Forging
21:16 Fervor
22:09 Gold Mining
22:49 Heavy Plow
24:15 Stone Mining
24:48 Cavalier
26:37 Husbandry
27:29 Scale Barding Armor
28:46 Wheelbarrow
28:37 Chain Barding Armor
31:01 Hand Cart
31:59 Burgundian Vineyards
33:12 Gold Shaft Mining
33:27 Iron Casting
32:46 Light Cavalry
38:09 Imperial Age
36:44 Two-Man Saw
36:17 Crop Rotation
36:19 Devotion
38:41 Padded Archer Armor
39:40 Conscription
38:43 Paladin
39:59 Plate Barding Armor
40:25 Blast Furnace
41:16 Treadmill Crane
42:36 Chemistry
41:16 Hussar
44:31 Leather Archer Armor
49:05 Pikeman
49:46 Squires
49:47 Scale Mail Armor
50:40 Halberdier
51:37 Chain Mail Armor
52:23 Town Watch
54:48 Plate Mail Armor
55:48 Elite Skirmisher
56:25 Fletching
京元電子李聖文
5:08 Loom
11:25 Feudal Age
12:24 Double-Bit Axe
12:37 Horse Collar
15:49 Fletching
16:31 Padded Archer Armor
22:32 Wheelbarrow
22:26 Town Watch
28:02 Castle Age
28:09 Gold Mining
28:07 Elite Skirmisher
28:44 Bodkin Arrow
31:16 Bow Saw
32:16 Thumb Ring
34:22 Crossbowman
44:21 Imperial Age
42:58 Scale Barding Armor
43:04 Forging
44:08 Chain Barding Armor
44:31 Chatras
45:56 Iron Casting
46:08 Caravan
47:29 Chemistry
46:39 Husbandry
47:12 Bloodlines
51:19 Imperial Skirmisher
52:34 Paper Money
54:24 Hand Cart
56:22 Elite Battle Elephant
57:21 Scale Mail Armor
Nyuszi
1:45 Loom
9:29 Feudal Age
11:30 Double-Bit Axe
15:57 Gold Mining
18:35 Castle Age
17:24 Scale Barding Armor
17:31 Forging
18:26 Bloodlines
20:22 Horse Collar
24:20 Heavy Plow
25:03 Bow Saw
26:14 Wheelbarrow
28:22 Chain Barding Armor
28:36 Stone Mining
29:24 Fervor
30:11 Husbandry
31:55 Town Watch
34:09 Stone Shaft Mining
35:47 Iron Casting
35:03 Fletching
35:56 Hand Cart
37:50 Svan Towers
40:28 Imperial Age
37:45 Light Cavalry
40:40 Bodkin Arrow
41:34 Conscription
40:35 Elite Monaspa
42:07 Hoardings
43:17 Masonry
44:08 Chemistry
43:30 Ballistics
44:00 Plate Barding Armor
44:26 Blast Furnace
44:40 Architecture
51:20 Bracer
52:54 Crop Rotation
52:23 Treadmill Crane
52:23 Hussar
52:57 Elite Skirmisher
54:22 Padded Archer Armor
55:28 Leather Archer Armor
Connection lost

Rejoining the realm…

Still unreachable

The connection could not be restored.

Session expired

The server has moved on; the page needs a fresh start.